 Dungeon Crawl Stone Soup version 0.25.1-1-g288607f5aa (webtiles) character file.

Game seed: 17270618340209842305

37 Descartes the Magician (level 3, -2/19 HPs)
             Began as a Deep Elf Wizard on July 24, 2020.
             Slain by a black bear (5 damage)
             ... created by the rage of Trog
             ... on level 2 of the Dungeon on July 25, 2020.
             The game lasted 00:04:26 (1211 turns).

Descartes the Magician (Deep Elf Wizard)            Turns: 1211, Time: 00:04:27

Health: -2/19      AC:  3    Str:  4    XL:     3   Next: 21%
Magic:  11/11      EV: 11    Int: 23    God:
Gold:   93         SH:  0    Dex: 13    Spells: 11/12 levels left

rFire    . . .     SeeInvis .   (no weapon)
rCold    . . .     Gourm    .   (no shield)
rNeg     . . .     Faith    .   i - +0 leather armour
rPois    .         Spirit   .   b - +0 hat
rElec    .         Reflect  .   (no cloak)
rCorr    .         Harm     .   (no gloves)
MR       .....                  (no boots)
Stlth    ++........             (no amulet)
HPRegen  0.06/turn              (no ring)
MPRegen  0.12/turn              (no ring)

@: no status effects
A: no striking features
a: no special abilities


You were on level 2 of the Dungeon.
You were not hungry.

You visited 1 branch of the dungeon, and saw 2 of its levels.

You collected 93 gold pieces.

Inventory:

Hand Weapons
 k - a +0 hunting sling
Missiles
 c - 19 stones (quivered)
 h - 36 bolts
 l - 12 arrows
 m - 45 sling bullets
Armour
 a - a +0 robe
 b - a +0 hat (worn)
 i - a +0 leather armour (worn)
Scrolls
 e - 2 scrolls of remove curse {unknown}
 f - a scroll of enchant weapon {unknown}
 n - a scroll of teleportation {unknown}
 o - 2 scrolls of fog {unknown}
 p - a scroll of identify {unknown}
Potions
 j - a potion of stabbing {unknown}
Comestibles
 d - 2 rations
 g - 2 chunks of flesh


   Skills:
 - Level 2.4 Dodging
 + Level 3.4 Stealth
 - Level 5.0 Spellcasting
 - Level 2.2 Conjurations
   Level 1.1 Summonings
   Level 1.1 Translocations


You had 11 spell levels left.
You knew the following spells:

 Your Spells              Type           Power        Failure   Level  Hunger
a - Magic Dart            Conj           ###.         7%          1    None

Your spell library contained the following spells:

 Spells                   Type           Power        Failure   Level  Hunger
 Blink                    Tloc           N/A          16%         2    None
 Call Imp                 Summ           ##......     16%         2    None
 Slow                     Hex            #.......     26%         2    None
 Conjure Flame            Conj/Fire      ##......     32%         3    ##.....
 Mephitic Cloud           Conj/Pois/Air  #.......     36%         3    ##.....


Dungeon Overview and Level Annotations

Branches:
Dungeon (2/15)

Altars:
Trog


Message History

3 black bears come into view.
You see here a bat corpse.
You hear an angry growl.
The black bear barely misses you. The black bear claws you.
The black bear closely misses you.
You hear an angry growl.
You open the door. The black bear bites you.
The black bear claws you but does no damage.
The black bear claws you.
* * * LOW HITPOINT WARNING * * *
You hear an angry growl.
The black bear bites you but does no damage.
The black bear claws you but does no damage.
The black bear claws you.
* * * LOW HITPOINT WARNING * * *
You hear an angry growl.
There is an open door here.
You hear an angry growl.
The black bear barely misses you. The black bear claws you.
You die...

######### ###.......# #.........#
#..♣......# #.♣_♣.....####### ###
#..♣.....@......# #..
#......#h######.# #..
##.#.###h#....#.# ######..
#.#.....#.##.#.# #...##..
#########.#.†####<##.#.###...##..
.........>?..................''..
......###'#†...[.....#.###...##..
......##...#.#######.#÷# #...####
...[..##.....# #.#.# #...#


You could see 2 black bears.

Vanquished Creatures
  An ooze (D:1)
  6 leopard geckos
  A ball python (D:2)
  A giant cockroach (D:1)
  3 goblins
  3 hobgoblins (D:1)
  2 quokkas (D:2)
  4 bats
  A kobold (D:2)
  4 rats
26 creatures vanquished.

Notes
Turn   | Place    | Note
-------+----------+-------------------------------------------
     0 | D:1      | Descartes the Deep Elf Wizard began the quest for the Orb.
     0 | D:1      | Reached XP level 1. HP: 10/10 MP: 7/7
   310 | D:1      | Reached XP level 2. HP: 15/15 MP: 4/9
   439 | D:1      | Reached skill level 5 in Spellcasting
   937 | D:2      | Reached XP level 3. HP: 19/19 MP: 8/11
  1072 | D:2      | Found a faded altar of an unknown god.
  1094 | D:2      | Became a worshipper of Trog the Wrathful
  1094 | D:2      | Reached * piety under Trog
  1126 | D:2      | Fell from the grace of Trog
  1205 | D:2      | Noticed a black bear
  1205 | D:2      | Noticed a black bear
  1205 | D:2      | Noticed a black bear
  1211 | D:2      | Slain by a black bear

Illustrated notes

Levels and vault maps discovered:
D:1:      erik_arrival_orb_chamber, layout_rooms
D:2:      layout_basic, chequers_ecumenical_altar_simple

Skill      XL: |  1  2 |
---------------+-------+-----
Stealth        | 3 |  3.4
Spellcasting   | 5 |  5.0
Conjurations   | 2 |  2.2
Dodging        | |  2.4
Summonings     | |  1.1
Translocations | |  1.1

Action                   || total
-------------------------++-------
Melee: Unarmed           ||    12
 Cast: Magic Dart        ||    62
Invok: Renounce Religion ||     1
  Eat: Chunk             ||     1
Armor: Leather armour    ||    13
Dodge: Dodged            ||    22
